Map: Central Protocol

Players

lesha

  • Race: Terran Terran

A.I. 1 (Very Hard) - Winner!

  • Race: Terran Terran

VOD

Have the link to the VOD?

Description

Time

  • Played on: Dec. 5, 2015, 3:23 a.m.
  • Length: 4:28
Show
View Real Time Build Order
Export as new Build Order

lesha Terran 

Build Orders:  

Get SALT Encoding   

  12  0:01  SCV  
  13  0:13  SCV  
  14  0:17  Supply Depot  
  14  0:26  SCV  
  15  0:38  SCV  
  15  0:42  Barracks  
  16  0:53  SCV  
  17  1:08  SCV  
  18  1:20  SCV  
  19  1:26  Command Center  
  19  1:33  Orbital Command  
  19  1:34  Marine  
  20  1:45  Refinery  
  20  1:47  Refinery  
  20  1:59  SCV  
  21  2:06  Marine  
  21  2:11  SCV  
  22  2:23  SCV  
  23  2:34  Supply Depot  
  23  2:37  Marine  
  23  2:38  SCV  
  23  2:43  Bunker  
  26  2:45  Orbital Command  
  26  2:50  SCV  
  26  2:55  Marine  
  27  3:02  SCV  
  27  3:03  Supply Depot  
  28  3:14  Supply Depot, SCV  
  28  3:19  Factory  
  29  3:26  SCV  
  30  3:34  Marine  
  31  3:36  Barracks  
  31  3:38  Barracks  
  31  3:40  SCV  
  32  3:42  SCV  
  33  3:52  Supply Depot, SCV  
  33  3:54  SCV  
  35  4:01  Marine  
  33  4:04  SCV  
  32  4:16  SCV  
Show
View Real Time Build Order
Export as new Build Order

A.I. 1 (Very Hard) Terran - Winner!

Build Orders:  

Get SALT Encoding   

  12  0:00  SCV  
  13  0:13  SCV  
  14  0:18  Supply Depot  
  14  0:25  SCV  
  15  0:40  SCV  
  15  0:42  Barracks  
  16  0:46  Refinery  
  16  0:52  SCV  
  17  1:04  Barracks  
  17  1:05  SCV  
  18  1:17  SCV  
  19  1:29  Orbital Command  
  19  1:31  Marine  
  20  1:42  Barracks  
  20  1:49  Marine  
  20  1:50  Marine  
  22  1:57  Supply Depot  
  22  2:00  SCV  
  23  2:07  Barracks Tech Lab  
  23  2:09  Barracks Tech Lab  
  23  2:18  SCV  
  24  2:25  Marine  
  24  2:27  Stimpack, Marine  
  24  2:28  Marine  
  24  2:29  Concussive Shells  
  27  2:37  Supply Depot  
  27  2:43  Marine  
  28  2:45  Marine  
  28  2:46  Marine  
  28  2:47  SCV  
  31  3:01  Marauder  
  31  3:03  Marauder  
  31  3:04  Marine  
  36  3:08  Supply Depot  
  36  3:22  SCV, Marine x2  
  39  3:29  Supply Depot  
  39  3:30  Marine  
  40  3:40  Marine  
  40  3:41  Marauder  
  45  3:48  Marauder  
  45  3:49  Refinery  
  44  4:01  Marine  
  44  4:02  Marauder  
  43  4:09  Marine  
  43  4:11  SCV  
  48  4:26  Supply Depot  
Tags
 
Add a new tag
Caveats
  • Supply blocks, unpowered buildings, or Contaminate may cause inaccurate times.
  • Supply counts are checked every 10 seconds.